 Dungeon Crawl Stone Soup version 0.32-a0-779-g362cfcae2a (webtiles) character file.

Game seed: 10137501768647870030

638 demenzo the Chopper (level 7, -1/61 HPs)
             Began as a Mountain Dwarf Monk on Mar 19, 2024.
             Was a Priest of Beogh.
             Slain by Ortolf the orc apostle
             ... wielding a +7 dagger of electrocution
              (6 damage)
             ... on level 4 of the Dungeon.
             The game lasted 00:07:51 (3777 turns).

demenzo the Chopper (Mountain Dwarf Monk)           Turns: 3777, Time: 00:07:52

Health: -1/61      AC: 13    Str: 16    XL:     7   Next: 25%
Magic:  7/7        EV:  4    Int: 10    God:    Beogh [***...]
Gold:   87         SH:  0    Dex: 12    Spells: 6/6 levels left

rFire   . . .        a - +1 whip (venom)
rCold   . . .        m - orb {light}
rNeg    . . .        g - +0 plate armour
rPois   .            f - +1 helmet
rElec   .            (no cloak)
rCorr   .            (no gloves)
SInv    .            (no boots)
Will    .....        (no amulet) Stlth
                     (no ring)
HPRegen 0.30/turn    (no ring)
MPRegen 0.10/turn

%: no passive effects
@: glowing
A: runic magic, artefact enchanting
a: Renounce Religion, Smiting


You were on level 4 of the Dungeon.
You worshipped Beogh.
Beogh was most pleased with you.
You visited 1 branch of the dungeon, and saw 4 of its levels.
You also visited: Sewer.

You collected 199 gold pieces.
You spent 112 gold pieces at shops.

Inventory:

Hand Weapons
 a - a +1 whip of venom (weapon)
 b - a +0 sling
 j - a +1 hand axe
Missiles
 n - 16 poisoned darts (quivered)
 p - a curare-tipped dart {!f}
Armour
 f - a +1 helmet (worn)
 g - a +0 plate armour (worn)
 m - an orb of light (worn)
 o - an orb of light
Magical Staves
 i - a staff of earth
Wands
 I - a wand of iceblast (9)
Scrolls
 d - 4 scrolls of identify
 l - a scroll of blinking {unknown}
 t - 2 scrolls of teleportation
 u - a scroll of enchant weapon
Potions
 c - a potion of attraction {unknown}
 e - a potion of lignification {unknown}
 k - 2 potions of heal wounds {unknown}
 q - 5 potions of curing
 r - 2 potions of might {unknown}
 s - a potion of magic {unknown}


   Skills:
 + Level 5.2 Fighting
 * Level 7.4 Axes
 + Level 3.5 Armour
 - Level 3.0 Dodging
 + Level 0.0 Invocations


You had 6 spell levels left.
You didn't know any spells.
Your spell library was empty.

Dungeon Overview and Level Annotations

Branches:
Dungeon (4/15) Zot: 21362  Temple (0/1) D:4           Sewer (visited)

Altars:

Shops:
D:2 (!!?=   D:3 (


Innate Abilities, Weirdness & Mutations

Your facial features look somewhat orcish.
Your spellcasting is much less encumbered by armour.
You can use scrolls of enchantment on lesser artefacts.


Message History

The foxfire hits you but does no damage.
Ortolf points at you and mumbles some strange words.
The puff of frost hits you.
* * * LOW HITPOINT WARNING * * *
Unknown command.
Unknown command.
Ortolf mumbles some strange words.
Ortolf conjures some foxfire! 2 foxfires come into view.
You bump into the stone wall.
The foxfire hits you!
* * * LOW HITPOINT WARNING * * *
Ortolf points at you and mumbles some strange words.
The puff of frost hits you but does no damage.
The foxfire moves out of view.
You bump into the stone wall.
You bump into the stone wall.
Ortolf casts a spell.
Ortolf conjures some foxfire! 2 foxfires come into view.
You're too confused to move!
The foxfire hits you.
* * * LOW HITPOINT WARNING * * *
The foxfire hits you.
* * * LOW HITPOINT WARNING * * *
Ortolf hits you with a +7 dagger of electrocution.
* * * LOW HITPOINT WARNING * * *
You hit Ortolf.
Ortolf looks as sick as possible!
Ortolf is heavily wounded.
You're too confused to move!
Ortolf casts a spell.
Ortolf conjures some foxfire! 2 foxfires come into view.
You feel less invigorated.
You feel less confused. The foxfire hits you.
* * * LOW HITPOINT WARNING * * *
The foxfire hits you!
* * * LOW HITPOINT WARNING * * *
Ortolf hits you with a +7 dagger of electrocution.
You die...
Beogh appreciates Ortolf's killing of a heretic priest.

*,,,,...*#####*,,,,,,,,,*
******#......,,,*,,,,,,,,
*#.#..,,,,,,*,***,,
#...#*****##.###,,
**#**######.# *........
**,..##......# #....#...
**,,.......§### #........
*,,,......§§o# ##........
*,,,.......@.# ##.........
*,,,.........#####..#.......
**,,................†.##....
**,..##...............#....
**#**###..................
#..................
#..................
#..................
#..............#<..


You could see Ortolf the orc apostle (extremely poisoned, divinely empowered).

Vanquished Creatures
  4 kobold brigands (Sewer)
  2 brain worms (Sewer)
  Ijyb (D:3)
  5 adders
  7 river rats
  A dart slug (D:3)
  3 ribbon worms
  4 orcs (D:3)
  8 ball pythons
  7 endoplasms
  3 giant cockroaches
  7 goblins
  5 hobgoblins
  4 jackals
  4 kobolds
  A quokka (D:1)
  3 bats
  3 frilled lizards
  12 rats
84 creatures vanquished.

Vanquished Creatures (others)
  An orc priest (D:3)
  2 orcs (D:3)
  16 foxfires (D:4)
19 creatures vanquished.

Grand Total: 103 creatures vanquished

Notes
Turn   | Place    | Note
-------+----------+-------------------------------------------
     0 | D:1      | demenzo the Mountain Dwarf Monk began the quest for the
                  | Orb.
     0 | D:1      | Reached XP level 1. HP: 19/19 MP: 1/1
   157 | D:1      | Reached skill level 4 in Axes
   157 | D:1      | Reached XP level 2. HP: 26/26 MP: 2/2
   890 | D:2      | Reached XP level 3. HP: 31/31 MP: 3/3
  1137 | D:2      | Found Iqil's Distillery.
  1143 | D:2      | Bought a potion of curing for 42 gold pieces
  1228 | D:2      | Found Romuan's Magic Scroll Boutique.
  1234 | D:2      | Bought a scroll of teleportation for 42 gold pieces
  1234 | D:2      | Bought a scroll of identify for 28 gold pieces
  1263 | D:2      | Found Cobly's Jewellery Emporium.
  1343 | D:2      | Found Kilass's Distillery.
  1352 | D:2      | Found Tiad's Antique Weapon Shoppe.
  1710 | D:3      | Became a worshipper of Beogh the Shepherd
  1710 | D:3      | Reached * piety under Beogh
  1710 | D:3      | Reached ** piety under Beogh
  1741 | D:3      | Reached skill level 1 in Armour
  1802 | D:3      | Found Xilov's Antique Weapon Shop.
  1813 | D:3      | Reached XP level 4. HP: 40/40 MP: 4/4
  1844 | D:3      | Reached skill level 5 in Axes
  1859 | D:3      | Found a glowing drain.
  1867 | Sewer    | Entered a sewer
  1968 | Sewer    | Noticed a kobold brigand
  1990 | Sewer    | Killed a kobold brigand
  1991 | Sewer    | Reached XP level 5. HP: 22/46 MP: 5/5
  2023 | Sewer    | Reached skill level 6 in Axes
  2132 | Sewer    | Reached XP level 6. HP: 18/53 MP: 6/6
  2800 | Sewer    | Reached skill level 5 in Fighting
  2800 | Sewer    | Reached skill level 7 in Axes
  2800 | Sewer    | Reached XP level 7. HP: 56/61 MP: 7/7
  3153 | D:3      | Noticed Ijyb
  3170 | D:3      | Killed Ijyb
  3732 | D:4      | Reached *** piety under Beogh
  3761 | D:4      | Identified the +1 robe of Marbles {rN++ Stlth-}
  3761 | D:4      | Noticed Ortolf
  3777 | D:4      | Slain by Ortolf the orc apostle

Illustrated notes

Levels and vault maps discovered:
D:1:      dpeg_arrival_tiny_a, layout_basic, minmay_pentomino_o2
D:2:      layout_loops_ring, serial_shops, shop, nicolae_shop_window_shopping,
          shop, shop, nicolae_shop_hallway_stairs
D:3:      kb_forest_paths, layout_basic, lightli_sewer_entry_pipes,
          serial_shops, shop, uniq_ijyb
D:4:      layout_rooms, lemuel_coloured_pillars_altar,
          okawaru_metal_pillars_1_2, yredelemnul_altar_generic,
          minmay_temple_entry_gardened_gates, enter_ossuary_4

Skill      XL: |  1  2  3  4  5  6 |
---------------+-------------------+-----
Axes           | 4 5 6 7 |  7.4
Armour         | 1 2 3 |  3.5
Fighting       | 4 5 |  5.2
Dodging        | 3 |  3.0

Action                     |  1- 3 |  4- 6 |  7- 9 || total
---------------------------+-------+-------+-------++-------
  Melee: Hand axe          |   106 |   155 |    35 ||   296
         Whip              |     6 |       |    37 ||    43
   Fire: Sling             |     7 |       |     3 ||    10
 Invoke: Convert to Beogh  |     1 |       |       ||     1
         Smiting           |       |       |     1 ||     1
    Use: Scroll            |     5 |       |     1 ||     6
         Potion            |       |       |     2 ||     2
 Armour: Robe              |    47 |       |       ||    47
         Plate armour      |    34 |   118 |    57 ||   209
  Dodge: Dodged            |    47 |    19 |     7 ||    73

Table legend: (Time is in decaauts)
 A = Elapsed time spent in this place.
 B = Non-inter-level travel time spent in this place.
 C = Inter-level travel time spent in this place.
 D = Time resting spent in this place.
 E = Time spent auto-exploring this place.
 F = Levels seen in this place.
 G = Mean time per level.
                   A        B        C        D        E       F      G
               +--------+--------+--------+--------+--------+-----+--------+
         Total |   3939 |   3834 |    105 |    318 |   2533 |   5 |  787.8 |
       Dungeon |   2636 |   2531 |    105 |     60 |   1778 |   4 |  659.0 |
         Sewer |   1303 |   1303 |      0 |    258 |    755 |   1 | 1303.0 |
               +--------+--------+--------+--------+--------+-----+--------+

Top non-repeatable levels by time:
   Sewer: 1303 daAuts
     D:3: 1001 daAuts
     D:1: 897 daAuts
     D:2: 679 daAuts
     D:4: 57 daAuts
